 Dungeon Crawl Stone Soup version 0.31-a0-1278-g11c5b68f87 (webtiles) character file.

Game seed: 3322857746559759531

79 grandjackal the Slasher (level 4, -1/34 HPs)
             Began as a Demonspawn Gladiator on Dec 17, 2023.
             Slain by a hobgoblin
             ... wielding a +0 spear
              (4 damage)
             ... on level 2 of the Dungeon.
             The game lasted 00:01:43 (1301 turns).

grandjackal the Slasher (Demonspawn Gladiator)      Turns: 1301, Time: 00:01:43

Health: -1/34      AC:  6    Str: 14    XL:     4   Next: 17%
Magic:  4/4        EV: 13    Int: 13    God:
Gold:   128        SH:  4    Dex: 16    Spells: 3/3 levels left

rFire   . . .        a - +0 long sword
rCold   . . .        (no shield)
rNeg    . . .        b - +0 leather armour
rPois   .            c - +0 helmet
rElec   .            n - +0 cloak
rCorr   .            l - +0 pair of gloves
SInv    .            (no boots)
Will    .....        (no amulet)
Stlth   +            (no ring)
HPRegen 0.25/turn    (no ring)
MPRegen 0.09/turn

%: no passive effects
@: no status effects
A: big brain 2, condensation shield
a: no special abilities


You were on level 2 of the Dungeon.
You visited 1 branch of the dungeon, and saw 2 of its levels.

You collected 128 gold pieces.

Inventory:

Hand Weapons
 a - a +0 long sword (weapon)
Missiles
 d - 4 throwing nets (quivered)
 e - a javelin
Armour
 b - a +0 leather armour (worn)
 c - a +0 helmet (worn)
 l - a +0 pair of gloves (worn)
 n - a +0 cloak (worn)
Scrolls
 f - a scroll of enchant armour {unknown}
 g - a scroll of noise {unknown}
 k - a scroll of identify {unknown}
 m - a scroll of brand weapon {unknown}
Potions
 h - a potion of attraction {unknown}
 i - a potion of lignification {unknown}
 j - a potion of berserk rage {unknown}
 o - a potion of haste {unknown}


   Skills:
 + Level 2.9 Fighting
 + Level 3.3 Long Blades
 - Level 2.1 Throwing
 + Level 3.3 Dodging


You had 3 spell levels left.
You didn't know any spells.
Your spell library was empty.

Dungeon Overview and Level Annotations

Branches:
Dungeon (2/15)

Altars:


Innate Abilities, Weirdness & Mutations

You have an extremely huge brain. (Int +4)
A meltable shield of frost defends you. (SH +4)


Message History

The adder is heavily wounded.
You feel sick.
You are no longer poisoned.
The quokka barely misses you. The adder bites you but does no damage.
The hobgoblin hits you with a +0 spear. The quokka completely misses you.
The adder bites you but does no damage.
You hit the adder.
The adder is almost dead.
The quokka barely misses you.
The hobgoblin hits you but does no damage.
The adder bites you but does no damage.
You closely miss the adder.
The adder is almost dead.
You block the quokka's attack. The adder bites you but does no damage.
The hobgoblin barely misses you. The quokka closely misses you.
The adder closely misses you. The hobgoblin hits you with a +0 spear.
You miss the adder.
The adder is almost dead.
The adder closely misses you. You block the quokka's attack.
The hobgoblin hits you with a +0 spear.
* * * LOW HITPOINT WARNING * * *
Unknown command.
You miss the adder.
The adder is almost dead.
The adder bites you but does no damage. The quokka barely misses you.
The adder bites you but does no damage.
The hobgoblin hits you but does no damage.
The quokka bites you.
* * * LOW HITPOINT WARNING * * *
You completely miss the adder.
The adder is almost dead.
You block the adder's attack. The quokka bites you.
* * * LOW HITPOINT WARNING * * *
The hobgoblin hits you with a +0 spear.
* * * LOW HITPOINT WARNING * * *
The adder bites you but does no damage.
You miss the adder.
The adder is almost dead.
You block the quokka's attack. The hobgoblin hits you with a +0 spear.
You die...

###### # ##....##.#
....... #....#
####.rg.##...
##....@S......
#.....#####.## ##.#
#.....# ..#.#
#.....#####+######.#.#
#.....†..............#.
#......................
#...................>.#
##+########.##.....###
#.##.....####


You could see an adder, a quokka and a hobgoblin.

Vanquished Creatures
  4 gnolls
  A worm (D:1)
  5 ball pythons (D:1)
  5 bats (D:1)
  6 endoplasms
  2 giant cockroaches (D:1)
  3 goblins (D:1)
  2 hobgoblins
  A quokka (D:1)
  2 frilled lizards (D:1)
  2 kobolds (D:1)
  4 rats
37 creatures vanquished.

Notes
Turn   | Place    | Note
-------+----------+-------------------------------------------
     0 | D:1      | grandjackal the Demonspawn Gladiator began the quest for
                  | the Orb.
     0 | D:1      | Reached XP level 1. HP: 16/16 MP: 1/1
   149 | D:1      | Gained mutation: You have an unusually large brain. (Int
                  | +2) [demonic ancestry]
   149 | D:1      | Reached XP level 2. HP: 22/22 MP: 2/2
   666 | D:1      | Gained mutation: A meltable shield of frost defends you.
                  | (SH +4) [demonic ancestry]
   666 | D:1      | Reached XP level 3. HP: 27/28 MP: 3/3
   682 | D:1      | Found a faded altar of an unknown god.
  1140 | D:2      | Gained mutation: You have an extremely huge brain. (Int +4)
                  | [demonic ancestry]
  1140 | D:2      | Reached XP level 4. HP: 30/34 MP: 4/4
  1301 | D:2      | Slain by a hobgoblin

Illustrated notes

Levels and vault maps discovered:
D:1:      dpeg_arrival_simpleton_b, layout_basic,
          shapermc_ecumenical_altar_ellora
D:2:      layout_basic

Skill      XL: |  1  2 |
---------------+-------+-----
Throwing       | 2 |  2.1
Dodging        | 3 |  3.3
Long Blades    | 3 |  3.3
Fighting       | |  2.9

Action                     |  1- 3 |  4- 6 || total
---------------------------+-------+-------++-------
  Melee: Long sword        |   100 |    18 ||   118
   Stab: Sleeping          |       |     1 ||     1
 Armour: Leather armour    |    58 |    28 ||    86
  Dodge: Dodged            |    65 |    28 ||    93
  Block: Other             |     6 |     6 ||    12

Table legend: (Time is in decaauts)
 A = Elapsed time spent in this place.
 B = Non-inter-level travel time spent in this place.
 C = Inter-level travel time spent in this place.
 D = Time resting spent in this place.
 E = Time spent auto-exploring this place.
 F = Levels seen in this place.
 G = Mean time per level.
                   A        B        C        D        E       F      G
               +--------+--------+--------+--------+--------+-----+--------+
         Total |   1332 |   1255 |     77 |    183 |    736 |   2 |  666.0 |
       Dungeon |   1332 |   1255 |     77 |    183 |    736 |   2 |  666.0 |
               +--------+--------+--------+--------+--------+-----+--------+

Top non-repeatable levels by time:
     D:1: 1027 daAuts
     D:2: 305 daAuts
